 Dungeon Crawl Stone Soup version 0.21-a0-401-g0b6bec4 (webtiles) character file.

7325 firefreeman the Basher (level 10, -2/88 HPs)
             Began as a Minotaur Fighter on Oct 25, 2017.
             Slain by an enchanted long sword (3 damage)
             ... on level 13 of the Dungeon.
             The game lasted 00:28:51 (10199 turns).

firefreeman the Basher (Minotaur Fighter)          Turns: 10199, Time: 00:28:52

Health: -2/88      AC: 18    Str: 23    XL:     10   Next: 90%
Magic:  9/9        EV: 14    Int:  7    God:
Gold:   360        SH: 13    Dex: 16    Spells: 9/9 levels left

rFire    + . .     SeeInvis .   a - +1 flail
rCold    . . .     Gourm    .   c - +0 shield
rNeg     + . .     Faith    .   F - +3 chain mail {rN+}
rPois    .         Spirit   .   (helmet restricted)
rElec    .         Reflect  .   (no cloak)
rCorr    .         Harm     .   (no gloves)
MR       .....                  (no boots)
Stlth    ..........             H - amulet "Mekue" {rF+ Regen+ Int+2}
HPRegen  0.64/turn              x - +4 ring of protection
MPRegen  0.11/turn              (no ring)

@: agile, barbed spikes, berserk cooldown, slowed, very slow
A: retaliatory headbutt, horns 2
a: no special abilities


You were on level 13 of the Dungeon.
You were very hungry.

You visited 1 branch of the dungeon, and saw 13 of its levels.

You collected 547 gold pieces.
You spent 187 gold pieces at shops.

Inventory:

Hand Weapons
 a - a +1 flail (weapon)
 d - a +0 shortbow of flaming
Missiles
 w - 18 tomahawks (quivered)
Armour
 c - a +0 shield (worn)
 m - a +0 pair of boots
 F - a +3 chain mail of positive energy (worn)
Jewellery
 r - an uncursed ring of magical power
 x - a +4 ring of protection (left hand)
 H - the amulet "Mekue" (around neck) {rF+ Regen+ Int+2}
   (You found it on level 9 of the Dungeon)

   [amulet of regeneration]

   It affects your intelligence (+2).
   It protects you from fire.
   It increases your rate of regeneration.
Wands
 i - a wand of lightning (9/15)
 B - a wand of polymorph (24/24)
 E - a wand of lightning (3/15)
 G - a wand of flame (24/48)
Scrolls
 e - 5 scrolls of amnesia
 g - a scroll of recharging
 o - 2 scrolls of enchant weapon
 p - 3 scrolls of teleportation
 q - 7 scrolls of remove curse
 s - 2 scrolls of fog {unknown}
 y - 6 scrolls of identify
Potions
 b - 3 potions of cancellation
 h - 4 potions of brilliance
 k - a potion of flight {unknown}
 l - 4 potions of agility
 n - 2 potions of berserk rage
 t - 3 potions of lignification {unknown}
 v - a potion of mutation {unknown}
 z - a potion of heal wounds {unknown}
 C - 2 potions of haste {unknown}
 D - a potion of invisibility {unknown}
Books
 u - a book of Flames

   Spells                             Type                      Level
   a - Flame Tongue                   Conjuration/Fire             1
   b - Throw Flame                    Conjuration/Fire             2
   c - Conjure Flame                  Conjuration/Fire             3
   d - Inner Flame                    Hexes/Fire                   3
   e - Sticky Flame                   Conjuration/Fire             4
   f - Fireball                       Conjuration/Fire             5
Comestibles
 f - 6 bread rations
 j - 5 meat rations
 A - 14 royal jellies


   Skills:
 + Level 8.0 Fighting
 + Level 12.8 Maces & Flails
 + Level 9.0 Armour
 + Level 3.5 Dodging
 - Level 0.7 Stealth
 + Level 10.5 Shields


You had 9 spell levels left.
You didn't know any spells.

Dungeon Overview and Level Annotations

Branches:
Dungeon (12/15)            Temple (0/1) D:4            Lair (0/6) D:9
    Orc (0/2) D:9

Altars:
Ashenzari
Cheibriados
Dithmenos
Fedhas
Gozag
Kikubaaqudgha
Makhleb
Sif Muna
Xom
Yredelemnul

Shops:
D:5 *   D:11 *

Portals:
Bazaar: D:11


Innate Abilities, Weirdness & Mutations

You reflexively headbutt those who attack you in melee.
You have a pair of horns on your head.


Message History

The manticore is lightly wounded.
The yak bellows!
You block the manticore's attack. The manticore misses you.
The manticore claws you but does no damage.
The cyclops hits you but does no damage.
The manticore flicks its tail.
The volley of spikes hits you!
The barbed spikes become lodged in your body.
* * * LOW HITPOINT WARNING * * *
The wyvern bites you but does no damage.
The cyclops throws a large rock.
You block the large rock.
The manticore flicks its tail.
The volley of spikes hits you! The wyvern bites you.
* * * LOW HITPOINT WARNING * * *
Found a leather armour.
You see here a large rock.
You sock the wyvern! You headbutt the wyvern.
You kill the wyvern!
The enchanted long sword hits you.
You die...

##### #...#
#(..#### ..
####......##...
#.............. ..
.#.....(@.!.....
...#.....Y(Y.......
...#......HC......[
..........Y........
................#$#
.........YY....## #
.................
...............###
........#.(.....


You could see a manticore, a cyclops, 5 yaks and an enchanted long sword.

Vanquished Creatures
  A cyclops (D:10)
  The ghost of bombpersons the Shield-Bearer, a novice HOFi of Okawaru (D:4)
  2 trolls
  2 hippogriffs
  Prince Ribbit (D:6)
  6 yaks (D:10)
  2 wyverns
  Eustachio (D:5)
  A hungry ghost (D:7)
  3 orc warriors
  5 ice beasts
  2 ogres
  2 sky beasts
  A phantom (D:5)
  An eye of draining (D:7)
  7 centaurs
  A crocodile (D:13)
  5 big kobolds
  A bullfrog (D:6)
  A scorpion (D:7)
  4 howler monkeys
  5 wights (D:7)
  An electric eel (D:10)
  2 crimson imps
  A bullfrog zombie (D:11)
  5 hounds
  5 jellies
  3 orc priests
  3 bullfrog skeletons
  A centaur skeleton (D:9)
  3 iguanas
  8 orc wizards
  Ijyb (D:5)
  6 worker ants
  A worker ant zombie (D:8)
  12 adders
  3 gnolls (D:5)
  A shadow imp (D:11)
  8 oozes
  2 adder zombies
  A worm (D:2)
  3 dart slugs
  5 leopard geckos
  30 orcs
  4 giant cockroaches
  3 goblins (D:1)
  9 hobgoblins
  11 jackals
  A quokka (D:2)
  2 ball pythons
  9 bats
  8 frilled lizards
  33 kobolds
  10 rats
250 creatures vanquished.

Vanquished Creatures (others)
  A plant (D:10)
1 creature vanquished.

Grand Total: 251 creatures vanquished

Notes
Turn   | Place    | Note
-------+----------+-------------------------------------------
     0 | D:1      | firefreeman the Minotaur Fighter began the quest for the Orb.
     0 | D:1      | Reached XP level 1. HP: 19/19 MP: 0/0
    93 | D:1      | Found a snail-covered altar of Cheibriados.
   134 | D:1      | Reached XP level 2. HP: 27/27 MP: 1/1
   347 | D:1      | Reached XP level 3. HP: 29/33 MP: 2/2
   741 | D:2      | Reached skill level 3 in Maces & Flails
   754 | D:2      | Found an opulent altar of Gozag.
  1242 | D:2      | Reached XP level 4. HP: 40/40 MP: 3/3
  1310 | D:2      | Found a shimmering altar of Xom.
  2525 | D:3      | Reached skill level 1 in Dodging
  2530 | D:3      | Reached XP level 5. HP: 47/47 MP: 4/4
  2926 | D:4      | Reached skill level 4 in Maces & Flails
  2926 | D:4      | Reached skill level 5 in Shields
  2927 | D:4      | Found a shattered altar of Ashenzari.
  2934 | D:4      | Found a blossoming altar of Fedhas.
  2955 | D:4      | Found an ancient bone altar of Kikubaaqudgha.
  3042 | D:4      | Found a staircase to the Ecumenical Temple.
  3090 | D:4      | Noticed an ice beast
  3106 | D:4      | Killed an ice beast
  3106 | D:4      | Reached XP level 6. HP: 15/53 MP: 5/5
  3425 | D:4      | Found a burning altar of Makhleb.
  3425 | D:4      | Found a shadowy altar of Dithmenos.
  3456 | D:4      | Noticed bombpersons's ghost (novice HOFi)
  3468 | D:4      | Reached skill level 5 in Armour
  3477 | D:4      | Killed bombpersons's ghost
  3477 | D:4      | Reached skill level 5 in Fighting
  3477 | D:4      | Reached skill level 5 in Maces & Flails
  3477 | D:4      | Reached XP level 7. HP: 41/61 MP: 6/6
  3607 | D:4      | Found a basalt altar of Yredelemnul.
  3709 | D:5      | Entered Level 5 of the Dungeon
  3810 | D:5      | Reached skill level 6 in Maces & Flails
  3834 | D:5      | Noticed Ijyb
  3844 | D:5      | Killed Ijyb
  4113 | D:5      | Noticed Eustachio
  4179 | D:5      | Killed Eustachio
  4206 | D:5      | Reached XP level 8. HP: 37/68 MP: 7/7
  4381 | D:5      | Found Ufodeasa's Assorted Antiques.
  4386 | D:5      | Bought a scroll of identify for 56 gold pieces
  4386 | D:5      | Bought a scroll of identify for 56 gold pieces
  4386 | D:5      | Bought a blue potion for 25 gold pieces
  4386 | D:5      | Bought a blue potion for 25 gold pieces
  4386 | D:5      | Bought a lumpy inky potion for 25 gold pieces
  4519 | D:5      | Reached skill level 7 in Maces & Flails
  4981 | D:6      | Noticed Prince Ribbit
  5267 | D:6      | Noticed a hippogriff
  5275 | D:6      | Killed a hippogriff
  5275 | D:6      | Reached skill level 8 in Maces & Flails
  5783 | D:6      | Killed Prince Ribbit
  5934 | D:7      | Reached XP level 9. HP: 69/75 MP: 8/8
  5943 | D:7      | Reached skill level 9 in Maces & Flails
  6465 | D:7      | Noticed a troll
  6474 | D:7      | Killed a troll
  6474 | D:7      | Reached skill level 10 in Maces & Flails
  7798 | D:9      | Found a staircase to the Lair.
  7807 | D:9      | Reached skill level 11 in Maces & Flails
  7811 | D:9      | Found a staircase to the Orcish Mines.
  8285 | D:9      | Got a wavering crystal amulet
  8312 | D:9      | Identified the amulet "Mekue" {rF+ Regen+ Int+2} (You found it on level 9 of the Dungeon)
  8351 | D:10     | Entered Level 10 of the Dungeon
  8400 | D:10     | Reached XP level 10. HP: 27/84 MP: 9/9
  8765 | D:10     | Noticed a cyclops
  8791 | D:10     | Killed a cyclops
  9114 | D:10     | Reached skill level 12 in Maces & Flails
  9154 | D:10     | Found a deep blue altar of Sif Muna.
  9419 | D:11     | Found Kooxzex's Demolitions Depot.
  9555 | D:11     | Found a flickering gateway to a bazaar.
  9717 | D:11     | Reached skill level 10 in Shields
  9810 | D:11     | Found a shimmering altar of Xom.
 10166 | D:12     | You fall through a shaft!
 10166 | D:13     | Noticed a manticore
 10166 | D:13     | Noticed a cyclops
 10169 | D:13     | Noticed an enchanted long sword
 10178 | D:13     | Noticed an enchanted long sword
 10198 | D:13     | HP: 4/88 [manticore/volley of spikes (10)]
 10198 | D:13     | HP: 1/88 [wyvern (3)]
 10199 | D:13     | Slain by an enchanted long sword

Vault maps used:
D:1:      dpeg_arrival_erosion, cheibriados_altar_1
D:2:      lemuel_crystal_altar, grunt_gozag_breadcrumbs
D:3:      hangedman_decor_clover_reticule
D:4:      grunt_temple_overflow_open, marbit_many_paths,
          minmay_temple_entry_trees, first_bread
D:5:      serial_shops, shop, uniq_grinder, uniq_ijyb, uniq_eustachio
D:6:      uniq_prince_ribbit1
D:8:      hangedman_little_slice_of_home
D:9:      lair_entry_dummy, orc_0_dummy, patterned_corridor
D:10:     basic_altar, serial_bayou, serial_bayou_pond_c, serial_bayou_pond_e,
          serial_bayou_shore_a, serial_bayou_crossing, serial_bayou_lagoon_a,
          lightli_fourway_metalbox
D:11:     basic_altar, serial_shops, bzr_in_the_mist, nicolae_blasting_shop
D:12:     minivault_24, feat_on_display
D:13:     erik_vaults_1

Skill      XL: |  1  2  3  4  5  6  7  8  9 10 |
---------------+-------------------------------+-----
Fighting       | 4 5 6 8 |  8.0
Armour         | 4 5 6 7 9 |  9.0
Shields        | 4 5 6 7 8 9 10 | 10.5
Maces & Flails | 3 4 5 6 8 11 12 | 12.8
Dodging        | 1 2 3 |  3.5
Stealth        | |  0.7

Action                   |  1- 3 |  4- 6 |  7- 9 | 10-12 || total
-------------------------+-------+-------+-------+-------++-------
Melee: Flail             |    93 |   135 |   429 |   276 ||   933
       Headbutt          |    17 |    25 |    92 |    66 ||   200
  Use: Scroll            |       |       |    19 |     2 ||    21
       Potion            |       |       |       |     7 ||     7
  Eat: Chunk             |     1 |     6 |    19 |       ||    26
       Meat ration       |       |       |       |     1 ||     1
Armor: Scale mail        |    57 |    56 |     9 |       ||   122
       Chain mail        |       |       |   160 |   142 ||   302
Dodge: Dodged            |    35 |    54 |   111 |    84 ||   284
Block: Shield            |    67 |    76 |   222 |   205 ||   570

Table legend:
 A = Spawn XP
 B = Non-spawn XP
 C = Spawn XP percentage of total XP
 D = Spawn monster count
 E = Non-spawn monster count
 F = Spawn count percentage of total count
 G = Total turns spent on level
                    A         B        C        D         E        F      G
               +---------+---------+-------+---------+---------+-------+---------
         Total |       0 |   10465 |   0.0 |       0 |     250 |   0.0 | 10199
               +---------+---------+-------+---------+---------+-------+---------
           D:1 |       0 |      43 |   0.0 |       0 |      24 |   0.0 |   683
           D:2 |       0 |      78 |   0.0 |       0 |      23 |   0.0 |  1128
           D:3 |       0 |      77 |   0.0 |       0 |      24 |   0.0 |   897
           D:4 |       0 |     724 |   0.0 |       0 |      11 |   0.0 |  1001
           D:5 |       0 |     855 |   0.0 |       0 |      29 |   0.0 |  1251
           D:6 |       0 |     872 |   0.0 |       0 |       9 |   0.0 |   959
           D:7 |       0 |    1276 |   0.0 |       0 |      22 |   0.0 |   913
           D:8 |       0 |     802 |   0.0 |       0 |      29 |   0.0 |   954
           D:9 |       0 |     651 |   0.0 |       0 |      12 |   0.0 |   583
          D:10 |       0 |    2289 |   0.0 |       0 |      13 |   0.0 |   879
          D:11 |       0 |    1547 |   0.0 |       0 |      36 |   0.0 |   730
          D:12 |       0 |     887 |   0.0 |       0 |      15 |   0.0 |   188
          D:13 |       0 |     364 |   0.0 |       0 |       3 |   0.0 |    33
               +---------+---------+-------+---------+---------+-------+---------
